 Dungeon Crawl Stone Soup version 0.31-a0-221-gbddc013574 (webtiles) character file.

Game seed: 16743057198127108007

12705 qw the Blocker (level 11, -18/68 HPs)
             Began as a Gargoyle Fighter on July 4, 2023.
             Was a Priest of Okawaru.
             Demolished by a reaper
             ... wielding a +0 heavy scythe
              (26 damage)
             ... in a Gauntlet.
             The game lasted 00:06:07 (12042 turns).

qw the Blocker (Gargoyle Fighter)                  Turns: 12042, Time: 00:06:08

Health: -18/68     AC: 27    Str: 27    XL:     11   Next: 97%
Magic:  12/14      EV: 12    Int:  7    God:    Okawaru [***...]
Gold:   609        SH: 22    Dex: 18    Spells: 10/10 levels left

rFire   . . .        Y - +1 war axe (chaos)
rCold   . . .        n - +2 tower shield
rNeg    + + .        j - +0 chain mail
rPois   inf          a - +0 helmet
rElec   +            f - +2 cloak {rCorr}
rCorr   +            k - +0 pair of gloves
SInv    .            (no boots)
Will    .....        u - amulet of regeneration Stlth
                     h - ring of positive energy
HPRegen 1.11/turn    c - +6 ring of dexterity
MPRegen 0.14/turn

%: no teleportation
@: heroic
A: sickness immunity, AC +8, negative energy resistance 1, electricity
resistance, torment resistance 1, petrification resistance, agile 1, mutation
resistance 1, strong 1
a: Renounce Religion, Heroism


You were in a Gauntlet.
You worshipped Okawaru.
Okawaru was most pleased with you.
You visited 3 branches of the dungeon, and saw 12 of its levels.
You also visited: Gauntlet.

You collected 609 gold pieces.


Innate Abilities, Weirdness & Mutations

You are immune to sickness and miasma.
Your stone body is resilient. (AC +8)
You are immune to poison.
You resist negative energy. (rN+)
You are resistant to electric shocks. (rElec)
You are resistant to unholy torment.
You are immune to petrification.
You are agile. (Dex +4, Str/Int -1)
You are somewhat resistant to further mutation.
Your muscles are strong. (Str +4, Int/Dex -1)


   Skills:
 - Level 8.0(13.0) Fighting
 - Level 10.1(15.1) Axes
 - Level 4.7(9.7) Throwing
 - Level 7.1(12.1) Armour
 - Level 2.3(7.3) Dodging
 + Level 11.5(16.5) Shields
 - Level 4.8 Invocations


You had 10 spell levels left.
You didn't know any spells.
Your spell library was empty.

Inventory:

Hand Weapons
 i - a +0 hand axe
 p - a +2 flail of protection
 Y - a +1 war axe of chaos (weapon)
Missiles
 r - 7 javelins (quivered)
Armour
 a - a +0 helmet (worn)
 f - a +2 cloak of preservation (worn)
 j - a +0 chain mail (worn)
 k - a +0 pair of gloves (worn)
 n - a +2 tower shield (worn)
Jewellery
 c - a +6 ring of dexterity (right hand)
 h - a ring of positive energy (left hand)
 u - an amulet of regeneration (around neck)
Scrolls
 w - a scroll of identify
Potions
 b - a potion of lignification
 d - 3 potions of might
 e - a potion of enlightenment
 l - a potion of attraction
 m - 2 potions of resistance
 o - 5 potions of curing
 q - a potion of magic
 s - a potion of haste
 v - a potion of mutation

Dungeon Overview and Level Annotations

Branches:
Dungeon (9/15)             Temple (1/1) D:4            Lair (2/5) D:9
Gauntlet (1/1)
  Swamp: Lair:2-3    Shoals: Lair:2-3     Snake: Lair:2-3    Spider: Lair:2-3
    Orc: D:9-12

Altars:
Ashenzari
Cheibriados
Dithmenos
Elyvilon
Fedhas
Hepliaklqana
Kikubaaqudgha
Makhleb
Nemelex Xobeh
Okawaru
Qazlal
Ru
Sif Muna
Trog
Uskayaw
Vehumet
Wu Jian
Xom
Yredelemnul
Zin
The Shining One

Annotations:
Gauntlet 7 transporters


Message History

The reaper is moderately wounded.
You block the reaper's attack.
You hit the reaper.
The reaper is moderately wounded.
You hit the reaper but do no damage.
The reaper is moderately wounded.
You block the reaper's attack.
You slash the reaper! Lightning courses through the reaper!!
The reaper is severely wounded.
You slash the reaper!
The reaper is almost dead.
You block the reaper's attack.
You hit the reaper.
The reaper is almost dead.
The reaper hits you but does no damage.
You hit the reaper but do no damage.
The reaper seems to speed up.
The reaper is almost dead.
You hit the reaper.
The reaper is almost dead.
You block the reaper's attack.
You hit the reaper.
The reaper is almost dead.
The reaper blinks!
The reaper hits you from afar with a +0 heavy scythe!
You feel like a meek peon again.
The reaper smiles without lips.
You block the reaper's attack.
The reaper hits you with a +0 heavy scythe!!
12040 ||| DRINKING potion of heal wounds.
You feel much better. You block the reaper's attack. x2
12041 ||| INVOKING Heroism.
You gain the combat prowess of a mighty hero.
You block the reaper's attack.
The reaper hits you with a +0 heavy scythe!!
You slash the reaper!
The reaper resists with almost no effort.
The reaper is almost dead.
The reaper hits you from afar with a +0 heavy scythe!!
You die...

#############################
............ยค\~............~###
............................#8#
.###########...###########..###
.#..$[^?...#...#.....##^##..#
.#.#..8#.#.#...#..###.##.#..###
.#.#.#...#.#...#.##.##.#.#..#8#
.#...###...#...#.#.#.#.#.#..###
.#.#..^###h#...#@#.#^#.#.#..#
.#.###...#.#...#2#.#.#.#.#..###
.#...###...#...#2#.#..##.#..#8#
.#.#...###.#...#?##.###..#..###
.#h........#...#}=##.....#..#
.###########...###########..###
....#.^.#....~....#.^.#.....#8#
..8.#...#...~8~...#...#.8...###
....#.^.#....~....#.^.#.....#


You could see 2 reapers and a raiju.

Vanquished Creatures
  Erica (D:9)
  2 two-headed ogres
  A worldbinder (Gauntlet)
  Joseph (Lair:1)
  Maurice (D:8)
  6 cane toads
  A rime drake (Lair:2)
  A polar bear (Lair:2)
  A troll (D:9)
  A hellwing (Gauntlet)
  A raiju (Gauntlet)
  Prince Ribbit (D:8)
  13 yaks
  A basilisk (Lair:2)
  A wyvern (D:9)
  4 steam dragons
  Menkaure (D:7)
  8 water moccasins
  A black bear (D:7)
  A sky beast (D:6)
  3 ice beasts
  2 boggarts (Gauntlet)
  A wolf (Lair:1)
  A centaur (D:7)
  5 kobold brigands
  2 phantoms
  5 bullfrogs
  2 gnoll sergeants
  2 scorpions
  5 wights (D:9)
  8 killer bees
  An electric eel (Lair:1)
  2 howler monkeys (D:7)
  2 hounds (D:5)
  2 orc priests
  Terence (D:2)
  4 iguanas
  5 orc wizards
  19 gnolls
  5 adders
  2 shadow imps (D:6)
  A white imp (D:3)
  An ufetubus (D:6)
  A worm (D:3)
  3 dart slugs
  24 orcs
  8 endoplasms
  3 giant cockroaches
  3 goblins
  12 hobgoblins
  4 jackals (D:5)
  25 kobolds
  A quokka (D:1)
  9 ball pythons
  5 bats
  2 frilled lizards
  9 rats
238 creatures vanquished.

Notes
Turn   | Place    | Note
-------+----------+-------------------------------------------
     0 | D:1      | qw the Gargoyle Fighter began the quest for the Orb.
     0 | D:1      | Reached XP level 1. HP: 14/14 MP: 1/1
     0 | D:1      | 0 ||| qw: Version: 0.3-a-41-g9d075ac
     0 | D:1      | 0 ||| qw: Game counter: 694
     0 | D:1      | 0 ||| qw: Melee chars always use a shield: true
     0 | D:1      | 0 ||| qw: God list: Okawaru
     0 | D:1      | 0 ||| qw: Allow faded altars: false
     0 | D:1      | 0 ||| qw: Do Orc after clearing Dungeon:15 true
     0 | D:1      | 0 ||| qw: Do second Lair branch before Depths: true
     0 | D:1      | 0 ||| qw: Lair rune preference: random
     0 | D:1      | 0 ||| qw: Goals: Normal, Zot:1-4, Slime:5, God:TSO, Crypt,
                  | Tomb, Abyss, Pan, Hells, Win
     0 | D:1      | 0 ||| PLANNING D:1-11
    60 | D:1      | 60 ||| Stepping ~*~*~tactically~*~*~ (stealth).
    62 | D:1      | 62 ||| Stepping ~*~*~tactically~*~*~ (stealth).
    65 | D:1      | 65 ||| Stepping ~*~*~tactically~*~*~ (stealth).
    75 | D:1      | 75 ||| Stepping ~*~*~tactically~*~*~ (stealth).
    94 | D:1      | Reached XP level 2. HP: 18/19 MP: 2/2
   159 | D:1      | 159 ||| Stepping ~*~*~tactically~*~*~ (stealth).
   161 | D:1      | 161 ||| Stepping ~*~*~tactically~*~*~ (stealth).
   740 | D:1      | Reached skill level 3 in Axes
   891 | D:1      | 891 ||| READING scroll labelled IMNAQI DUEV.
   931 | D:2      | Reached XP level 3. HP: 23/23 MP: 3/3
   944 | D:2      | 944 ||| Stepping ~*~*~tactically~*~*~ (stealth).
  1049 | D:2      | 1049 ||| Stepping ~*~*~tactically~*~*~ (stealth).
  1097 | D:2      | 1097 ||| Stepping ~*~*~tactically~*~*~ (stealth).
  1098 | D:2      | 1098 ||| Stepping ~*~*~tactically~*~*~ (stealth).
  1160 | D:2      | Noticed Terence
  1172 | D:2      | Killed Terence
  1173 | D:2      | Reached XP level 4. HP: 16/28 MP: 4/4
  1676 | D:2      | 1676 ||| Stepping ~*~*~tactically~*~*~ (stealth).
  1684 | D:2      | 1684 ||| Stepping ~*~*~tactically~*~*~ (stealth).
  1691 | D:2      | 1691 ||| FLEEEEING.
  1692 | D:2      | 1692 ||| FLEEEEING.
  1693 | D:2      | 1693 ||| FLEEEEING.
  1694 | D:2      | 1694 ||| FLEEEEING.
  1695 | D:2      | 1695 ||| FLEEEEING.
  1696 | D:2      | 1696 ||| FLEEEEING.
  1697 | D:2      | 1697 ||| FLEEEEING.
  1698 | D:2      | 1698 ||| FLEEEEING.
  1699 | D:2      | 1699 ||| FLEEEEING.
  1700 | D:2      | 1700 ||| FLEEEEING.
  1701 | D:2      | 1701 ||| FLEEEEING.
  1702 | D:2      | 1702 ||| FLEEEEING.
  1703 | D:2      | 1703 ||| FLEEEEING.
  1784 | D:2      | 1784 ||| UPGRADING to +0 chain mail.
  1794 | D:2      | 1794 ||| DROPPING +0 scale mail.
  1795 | D:2      | 1795 ||| UPGRADING to +0 pair of gloves.
  1800 | D:2      | 1800 ||| READING scroll labelled MIGAFI NILAIM.
  1801 | D:2      | 1801 ||| READING scroll labelled XIUMYSH RAIWO.
  1802 | D:2      | 1802 ||| READING scroll labelled RIBRAJ WELUO.
  1803 | D:2      | 1803 ||| DRINKING 3 bubbling red potions.
  1803 | D:2      | Gained mutation: Armour fits poorly on your strangely
                  | shaped body. [potion of mutation]
  1803 | D:2      | Gained mutation: Your spells are a little harder to cast,
                  | but a little more powerful. [potion of mutation]
  1803 | D:2      | Gained mutation: You have sharp fingernails. [potion of
                  | mutation]
  1804 | D:2      | 1804 ||| DRINKING 2 potions of mutation.
  1804 | D:2      | Lost mutation: Armour fits poorly on your strangely shaped
                  | body. [potion of mutation]
  1804 | D:2      | Lost mutation: Your spells are a little harder to cast, but
                  | a little more powerful. [potion of mutation]
  1804 | D:2      | Gained mutation: You are somewhat resistant to further
                  | mutation. [potion of mutation]
  1804 | D:2      | Gained mutation: You occasionally lose the ability to drink
                  | potions when taking damage. [potion of mutation]
  1805 | D:2      | 1805 ||| DRINKING potion of mutation.
  1805 | D:2      | Lost mutation: You occasionally lose the ability to drink
                  | potions when taking damage. [potion of mutation]
  1805 | D:2      | Lost mutation: You have sharp fingernails. [potion of
                  | mutation]
  1805 | D:2      | Gained mutation: You are agile. (Dex +4, Str/Int -1)
                  | [potion of mutation]
  1805 | D:2      | Gained mutation: Your muscles are strong. (Str +4, Int/Dex
                  | -1) [potion of mutation]
  1909 | D:3      | 1909 ||| Stepping ~*~*~tactically~*~*~ (stealth).
  1931 | D:3      | 1931 ||| FLEEEEING.
  1934 | D:3      | 1934 ||| FLEEEEING.
  1935 | D:3      | 1935 ||| STAIRDANCE
  1978 | D:2      | 1978 ||| UPGRADING to +0 helmet.
  1994 | D:3      | Reached XP level 5. HP: 32/32 MP: 5/5
  2006 | D:3      | Found a burning altar of Makhleb.
  2175 | D:3      | 2175 ||| Stepping ~*~*~tactically~*~*~ (hiding).
  2199 | D:3      | Found a faded altar of an unknown god.
  2687 | D:3      | 2687 ||| UPGRADING to ring of positive energy.
  2688 | D:3      | 2688 ||| READING scroll labelled REMOEFEDACW.
  2689 | D:3      | 2689 ||| DRINKING 2 puce potions.
  2753 | D:4      | 2753 ||| Stepping ~*~*~tactically~*~*~ (hiding).
  2754 | D:4      | 2754 ||| Stepping ~*~*~tactically~*~*~ (hiding).
  2755 | D:4      | 2755 ||| Stepping ~*~*~tactically~*~*~ (hiding).
  2756 | D:4      | 2756 ||| Stepping ~*~*~tactically~*~*~ (hiding).
  2872 | D:4      | HP: 8/32 [gnoll/+0 halberd (5)]
  2872 | D:4      | HP: 2/32 [gnoll/+0 spear (4)]
  2873 | D:4      | 2873 ||| READING scroll of teleportation.
  3143 | D:4      | 3143 ||| Stepping ~*~*~tactically~*~*~ (stealth).
  3145 | D:4      | 3145 ||| Stepping ~*~*~tactically~*~*~ (hiding).
  3155 | D:4      | Reached skill level 1 in Dodging
  3158 | D:4      | Reached XP level 6. HP: 36/37 MP: 6/6
  3194 | D:4      | Found a staircase to the Ecumenical Temple.
  3195 | D:4      | 3195 ||| PLANNING TEMPLE
  3195 | D:4      | 3195 ||| READING 4 scrolls of identify.
  3195 | D:4      | 3195 ||| IDENTIFYING fuming emerald potion
  3196 | D:4      | 3196 ||| READING 3 scrolls of identify.
  3196 | D:4      | 3196 ||| IDENTIFYING brown potion
  3197 | D:4      | 3197 ||| READING 2 scrolls of identify.
  3197 | D:4      | 3197 ||| IDENTIFYING viscous dark potion
  3198 | D:4      | 3198 ||| DROPPING potion of degeneration.
  3199 | D:4      | 3199 ||| DROPPING potion of invisibility.
  3208 | Temple   | Entered the Ecumenical Temple
  3246 | Temple   | 3246 ||| PLANNING OKAWARU WORSHIP
  3331 | Temple   | Became a worshipper of Warmaster Okawaru
  3332 | Temple   | 3332 ||| PLANNING D:1-11
  3971 | D:4      | 3971 ||| READING scroll labelled WAOGOD MOSHYEZ.
  4022 | D:5      | Entered Level 5 of the Dungeon
  4108 | D:5      | Found a broken altar of Ashenzari.
  4212 | D:5      | Found a sparkling altar of Nemelex Xobeh.
  4254 | D:5      | 4254 ||| Stepping ~*~*~tactically~*~*~ (hiding).
  4381 | D:5      | 4381 ||| Stepping ~*~*~tactically~*~*~ (hiding).
  4394 | D:5      | Reached skill level 6 in Axes
  4657 | D:5      | 4657 ||| Stepping ~*~*~tactically~*~*~ (stealth).
  4658 | D:5      | 4658 ||| Stepping ~*~*~tactically~*~*~ (stealth).
  4669 | D:5      | Reached XP level 7. HP: 43/43 MP: 7/7
  5003 | D:5      | Found a shimmering blue altar of Sif Muna.
  5008 | D:5      | Found a white marble altar of Elyvilon.
  5184 | D:6      | 5184 ||| Stepping ~*~*~tactically~*~*~ (stealth).
  5193 | D:6      | Reached * piety under Okawaru
  5203 | D:6      | 5203 ||| INVOKING Heroism.
  5286 | D:6      | 5286 ||| Stepping ~*~*~tactically~*~*~ (hiding).
  5385 | D:6      | 5385 ||| Stepping ~*~*~tactically~*~*~ (stealth).
  5387 | D:6      | 5387 ||| Stepping ~*~*~tactically~*~*~ (hiding).
  5399 | D:6      | 5399 ||| INVOKING Heroism.
  5401 | D:6      | Reached XP level 8. HP: 28/49 MP: 5/8
  5425 | D:6      | 5425 ||| INVOKING Heroism.
  5589 | D:6      | 5589 ||| Stepping ~*~*~tactically~*~*~ (stealth).
  5601 | D:6      | Reached skill level 1 in Invocations
  5711 | D:6      | 5711 ||| Stepping ~*~*~tactically~*~*~ (stealth).
  5718 | D:6      | 5718 ||| Stepping ~*~*~tactically~*~*~ (hiding).
  5825 | D:6      | 5825 ||| Stepping ~*~*~tactically~*~*~ (hiding).
  6494 | D:6      | 6494 ||| DRINKING 2 inky potions.
  6495 | D:6      | 6495 ||| READING 2 scrolls of identify.
  6495 | D:6      | 6495 ||| IDENTIFYING bubbling inky potion
  6564 | D:7      | Reached skill level 1 in Throwing
  6577 | D:7      | 6577 ||| FLEEEEING.
  6587 | D:7      | 6587 ||| STAIRDANCE
  6631 | D:7      | 6631 ||| Stepping ~*~*~tactically~*~*~ (stealth).
  6708 | D:7      | Noticed Menkaure
  6709 | D:7      | 6709 ||| Stepping ~*~*~tactically~*~*~ (hiding).
  6711 | D:7      | 6711 ||| INVOKING Heroism.
  6715 | D:7      | Killed Menkaure
  6716 | D:7      | Reached skill level 3 in Invocations
  6766 | D:7      | 6766 ||| Stepping ~*~*~tactically~*~*~ (hiding).
  6767 | D:7      | 6767 ||| Stepping ~*~*~tactically~*~*~ (hiding).
  6795 | D:7      | 6795 ||| Stepping ~*~*~tactically~*~*~ (stealth).
  6798 | D:7      | 6798 ||| Stepping ~*~*~tactically~*~*~ (hiding).
  6849 | D:7      | 6849 ||| INVOKING Heroism.
  6861 | D:7      | Reached XP level 9. HP: 54/54 MP: 9/12
  6887 | D:7      | Found a glowing silver altar of Zin.
  6895 | D:7      | Reached skill level 6 in Fighting
  6902 | D:7      | Reached ** piety under Okawaru
  7240 | D:7      | 7240 ||| FLEEEEING.
  7241 | D:7      | 7241 ||| FLEEEEING.
  7242 | D:7      | 7242 ||| FLEEEEING.
  7243 | D:7      | 7243 ||| FLEEEEING.
  7244 | D:7      | 7244 ||| INVOKING Heroism.
  7268 | D:7      | 7268 ||| Stepping ~*~*~tactically~*~*~ (stealth).
  7274 | D:7      | 7274 ||| Stepping ~*~*~tactically~*~*~ (hiding).
  7283 | D:7      | 7283 ||| Stepping ~*~*~tactically~*~*~ (stealth).
  7535 | D:7      | Found a snail-covered altar of Cheibriados.
  7536 | D:7      | 7536 ||| READING scroll labelled AJEHUE JOTA.
  7537 | D:7      | 7537 ||| READING 2 scrolls of identify.
  7537 | D:7      | 7537 ||| IDENTIFYING cyan potion
  7627 | D:8      | 7627 ||| INVOKING Heroism.
  7630 | D:8      | 7630 ||| Stepping ~*~*~tactically~*~*~ (cloud).
  7636 | D:8      | Reached skill level 9 in Axes
  7692 | D:8      | Noticed a two-headed ogre
  7693 | D:8      | 7693 ||| INVOKING Heroism.
  7696 | D:8      | Killed a two-headed ogre
  7699 | D:8      | Noticed Maurice
  7748 | D:8      | 7748 ||| FLEEEEING.
  7749 | D:8      | 7749 ||| FLEEEEING.
  7753 | D:8      | 7753 ||| FLEEEEING.
  7754 | D:8      | 7754 ||| FLEEEEING.
  7757 | D:8      | 7757 ||| FLEEEEING.
  7757 | D:8      | HP: 13/55 [Maurice/silver javelin (1)]
  7758 | D:8      | 7758 ||| FLEEEEING.
  7766 | D:8      | 7766 ||| STAIRDANCE
  7766 | D:8      | HP: 11/55 [something (4)]
  8002 | D:8      | HP: 11/55 [something/puff of flame (10)]
  8007 | D:8      | HP: 6/55 [something (1)]
  8010 | D:8      | 8010 ||| READING 3 scrolls of teleportation.
  8011 | D:8      | 8011 ||| DRINKING potion of heal wounds.
  8012 | D:8      | 8012 ||| INVOKING Heroism.
  8170 | D:8      | Reached skill level 4 in Shields
  8173 | D:8      | 8173 ||| Stepping ~*~*~tactically~*~*~ (hiding).
  8175 | D:8      | 8175 ||| Stepping ~*~*~tactically~*~*~ (hiding).
  8289 | D:8      | 8289 ||| Stepping ~*~*~tactically~*~*~ (hiding).
  8290 | D:8      | 8290 ||| Stepping ~*~*~tactically~*~*~ (hiding).
  8293 | D:8      | 8293 ||| Stepping ~*~*~tactically~*~*~ (hiding).
  8412 | D:8      | Noticed Prince Ribbit
  8413 | D:8      | 8413 ||| INVOKING Heroism.
  8414 | D:8      | 8414 ||| Stepping ~*~*~tactically~*~*~ (stealth).
  8432 | D:8      | 8432 ||| Stepping ~*~*~tactically~*~*~ (stealth).
  8433 | D:8      | 8433 ||| Stepping ~*~*~tactically~*~*~ (stealth).
  8434 | D:8      | 8434 ||| Stepping ~*~*~tactically~*~*~ (stealth).
  8440 | D:8      | 8440 ||| Stepping ~*~*~tactically~*~*~ (stealth).
  8441 | D:8      | 8441 ||| Stepping ~*~*~tactically~*~*~ (stealth).
  8445 | D:8      | 8445 ||| Stepping ~*~*~tactically~*~*~ (hiding).
  8446 | D:8      | 8446 ||| INVOKING Heroism.
  8452 | D:8      | HP: 11/55 [Prince Ribbit (8)]
  8453 | D:8      | 8453 ||| READING 2 scrolls of teleportation.
  8991 | D:8      | 8991 ||| INVOKING Heroism.
  9010 | D:8      | Killed Prince Ribbit
  9011 | D:8      | Reached XP level 10. HP: 61/61 MP: 13/13
  9238 | D:8      | 9238 ||| Stepping ~*~*~tactically~*~*~ (hiding).
  9239 | D:8      | 9239 ||| Stepping ~*~*~tactically~*~*~ (hiding).
  9243 | D:8      | 9243 ||| Stepping ~*~*~tactically~*~*~ (hiding).
  9245 | D:8      | 9245 ||| Stepping ~*~*~tactically~*~*~ (hiding).
  9247 | D:8      | 9247 ||| Stepping ~*~*~tactically~*~*~ (hiding).
  9258 | D:8      | 9258 ||| INVOKING Heroism.
  9265 | D:8      | Killed Maurice
  9400 | D:8      | 9400 ||| DROPPING +0 flail.
  9443 | D:8      | 9443 ||| UPGRADING to +0 cloak.
  9448 | D:8      | 9448 ||| UPGRADING to amulet of regeneration.
  9453 | D:8      | 9453 ||| READING 2 scrolls labelled COHONI SAISEY.
  9454 | D:8      | 9454 ||| READING 2 scrolls of identify.
  9454 | D:8      | 9454 ||| IDENTIFYING yellow potion
  9455 | D:8      | 9455 ||| DROPPING scroll of vulnerability.
  9488 | D:9      | Found a staircase to the Lair.
  9533 | D:9      | 9533 ||| INVOKING Heroism.
  9565 | D:9      | 9565 ||| Stepping ~*~*~tactically~*~*~ (stealth).
  9652 | D:9      | 9652 ||| Stepping ~*~*~tactically~*~*~ (stealth).
  9656 | D:9      | 9656 ||| Stepping ~*~*~tactically~*~*~ (stealth).
  9658 | D:9      | 9658 ||| Stepping ~*~*~tactically~*~*~ (stealth).
  9732 | D:9      | 9732 ||| INVOKING Heroism.
  9733 | D:9      | HP: 15/64 [yak (9)]
  9734 | D:9      | 9734 ||| READING scroll of teleportation.
  9736 | D:9      | HP: 3/64 [yak (9)]
  9877 | D:9      | 9877 ||| INVOKING Heroism.
 10118 | D:9      | Noticed a two-headed ogre
 10119 | D:9      | 10119 ||| INVOKING Heroism.
 10125 | D:9      | Killed a two-headed ogre
 10125 | D:9      | Reached *** piety under Okawaru
 10141 | D:9      | 10141 ||| INVOKING Heroism.
 10146 | D:9      | Noticed Erica
 10166 | D:9      | Killed Erica
 10167 | D:9      | Reached skill level 6 in Shields
 10167 | D:9      | Reached XP level 11. HP: 53/68 MP: 14/14
 10263 | D:9      | 10263 ||| Stepping ~*~*~tactically~*~*~ (stealth).
 10266 | D:9      | 10266 ||| Stepping ~*~*~tactically~*~*~ (stealth).
 10360 | D:9      | 10360 ||| Stepping ~*~*~tactically~*~*~ (stealth).
 10387 | D:9      | 10387 ||| PLANNING LAIR
 10387 | D:9      | 10387 ||| UPGRADING to +2 tower shield.
 10397 | D:9      | 10397 ||| DROPPING +0 buckler.
 10398 | D:9      | 10398 ||| DROPPING +6 ring of intelligence.
 10399 | D:9      | 10399 ||| READING scroll labelled SIDA BEORUFA.
 10400 | D:9      | 10400 ||| READING scroll labelled KAMIDD FOUMYIR.
 10401 | D:9      | 10401 ||| READING 2 scrolls of identify.
 10401 | D:9      | 10401 ||| IDENTIFYING golden potion
 10435 | Lair:1   | Entered Level 1 of the Lair of Beasts
 10504 | Lair:1   | 10504 ||| INVOKING Heroism.
 10515 | Lair:1   | Reached skill level 7 in Shields
 10579 | Lair:1   | 10579 ||| Stepping ~*~*~tactically~*~*~ (stealth).
 10582 | Lair:1   | 10582 ||| Stepping ~*~*~tactically~*~*~ (stealth).
 10606 | Lair:1   | 10606 ||| Stepping ~*~*~tactically~*~*~ (stealth).
 10629 | Lair:1   | 10629 ||| INVOKING Heroism.
 10740 | Lair:1   | 10740 ||| INVOKING Heroism.
 10743 | Lair:1   | Noticed Joseph
 10746 | Lair:1   | 10746 ||| Stepping ~*~*~tactically~*~*~ (hiding).
 10747 | Lair:1   | 10747 ||| Stepping ~*~*~tactically~*~*~ (hiding).
 10760 | Lair:1   | Killed Joseph
 10805 | Lair:1   | 10805 ||| INVOKING Heroism.
 10810 | Lair:1   | Reached skill level 8 in Shields
 10933 | Lair:1   | 10933 ||| INVOKING Heroism.
 11077 | Lair:1   | 11077 ||| Stepping ~*~*~tactically~*~*~ (stealth).
 11084 | Lair:1   | 11084 ||| Stepping ~*~*~tactically~*~*~ (stealth).
 11086 | Lair:1   | 11086 ||| Stepping ~*~*~tactically~*~*~ (stealth).
 11088 | Lair:1   | 11088 ||| INVOKING Heroism.
 11093 | Lair:1   | Reached skill level 9 in Shields
 11100 | Lair:1   | Received a gift from Okawaru
 11514 | Lair:1   | 11514 ||| UPGRADING to +6 ring of dexterity.
 11534 | Lair:2   | 11534 ||| PLANNING GAUNTLET
 11534 | Lair:2   | 11534 ||| INVOKING Heroism.
 11579 | Lair:2   | 11579 ||| INVOKING Heroism.
 11640 | Lair:2   | Reached skill level 10 in Shields
 11658 | Lair:2   | Found a gate leading to a gauntlet.
 11664 | Lair:2   | Reached **** piety under Okawaru
 11670 | Lair:2   | Received a gift from Okawaru
 11687 | Gauntlet | Entered a Gauntlet
 11687 | Gauntlet | Found a transporter.
 11687 | Gauntlet | Found a transporter.
 11688 | Gauntlet | Found a transporter.
 11688 | Gauntlet | Found a transporter.
 11689 | Gauntlet | Noticed a tengu warrior
 11691 | Gauntlet | Found a transporter.
 11691 | Gauntlet | Found a transporter.
 11698 | Gauntlet | Noticed a worldbinder
 11703 | Gauntlet | Found a transporter.
 11705 | Gauntlet | Found a transporter.
 11714 | Gauntlet | Noticed a reaper
 11726 | Gauntlet | Found a transporter.
 11820 | Gauntlet | Found a transporter.
 11823 | Gauntlet | Found a transporter.
 11833 | Gauntlet | Found a transporter.
 11899 | Gauntlet | 11899 ||| INVOKING Heroism.
 11913 | Gauntlet | Reached skill level 11 in Shields
 11925 | Gauntlet | 11925 ||| DROPPING ring of wizardry.
 11936 | Gauntlet | 11936 ||| INVOKING Heroism.
 11938 | Gauntlet | Noticed a brown very ugly thing
 11942 | Gauntlet | Noticed a white very ugly thing
 11942 | Gauntlet | Killed a worldbinder
 11945 | Gauntlet | 11945 ||| Stepping ~*~*~tactically~*~*~ (hiding).
 11981 | Gauntlet | 11981 ||| UPGRADING to +2 cloak of preservation.
 11991 | Gauntlet | 11991 ||| DROPPING +0 cloak.
 12019 | Gauntlet | 12019 ||| INVOKING Heroism.
 12039 | Gauntlet | HP: 11/68 [reaper/+0 heavy scythe (18)]
 12040 | Gauntlet | 12040 ||| DRINKING potion of heal wounds.
 12041 | Gauntlet | 12041 ||| INVOKING Heroism.
 12042 | Gauntlet | Demolished by a reaper

Levels and vault maps discovered:
D:1:      lightli_arrival_flooded_house, layout_basic
D:2:      layout_basic, uniq_terence
D:3:      layout_basic, lemuel_coloured_pillars_altar,
          hellmonk_ecumenical_altar_lost_god, minmay_randomly_rotated_circles
D:4:      layout_gridville, minmay_temple_entry_statues_fountains
D:5:      layout_basic, nemelex_diamond_rough_becter,
          mainiacjoe_overflow_big_doors, cheibrodos_ashenzari_chains,
          serial_co_window_serial, co_window_paths_a,
          co_window_of_opportunity_a, co_window_of_opportunity_a,
          co_window_corner_a, co_window_paths_b, co_window_corner_b,
          co_window_of_opportunity_b, co_window_2corner, co_window_cross_2,
          co_window_corner_ca, glass_columns_b, glass_columns_b,
          glass_columns_b, glass_columns_c, glass_columns_a
D:6:      layout_loops_corners
D:7:      layout_basic, minitemple, uniq_menkaure
D:8:      layout_gridville, uniq_maurice, uniq_prince_ribbit1
D:9:      layout_small_grid, lair_entry_dummy, uniq_erica
Temple:   jpeg_temple_clearing
Lair:1:   layout_small_grid, st_stairs_5, serial_bayou_lagoon_b, uniq_joseph
Lair:2:   layout_cave_shapes, nicolae_swamp_entry_splash_gauntlet,
          gauntlet_entry_generic, wad_woods_road_04, infiniplex_staircase_pool
Gauntlet: gammafunk_gauntlet_hard_choice [gammafunk_gauntlet_arena_hedges,
          nicolae_gauntlet_swirl, nicolae_gauntlet_arena_blocks,
          gammafunk_gauntlet_arena_crates, gammafunk_gauntlet_arena_spirals,
          nicolae_gauntlet_arena_grate_2,
          nicolae_gauntlet_exit_dead_adventurers]

Skill      XL: |  1  2  3  4  5  6  7  8  9 10 11 |
---------------+----------------------------------+-----
Axes           | 2 3 4 5 6 7 8 9 10 | 10.1
Dodging        | 1 2 |  2.3
Fighting       | 4 5 6 8 |  8.0
Invocations    | 4 |  4.8
Throwing       | 2 4 |  4.7
Armour         | 4 7 |  7.1
Shields        | 4 6 11 | 11.5

Action                     |  1- 3 |  4- 6 |  7- 9 | 10-12 || total
---------------------------+-------+-------+-------+-------++-------
  Melee: War axe           |    86 |   224 |   305 |   262 ||   877
  Throw: Javelin           |       |       |    25 |    52 ||    77
 Invoke: Heroism           |       |       |    12 |    18 ||    30
    Use: Scroll            |     1 |     9 |     5 |     6 ||    21
         Potion            |       |     4 |     2 |     1 ||     7
   Stab: Confused          |       |       |     1 |     6 ||     7
         Petrifying        |       |       |       |     2 ||     2
         Paralysed         |       |       |       |     1 ||     1
 Armour: Scale mail        |    41 |     2 |       |       ||    43
         Chain mail        |       |   100 |   197 |   142 ||   439
  Dodge: Dodged            |    34 |    77 |   129 |    95 ||   335
  Block: Buckler           |    10 |    44 |    78 |    38 ||   170
         Tower shield      |       |       |       |   149 ||   149

Table legend:
 A = Non-vault XP
 B = Vault XP
 C = Vault XP percentage of total XP
 D = Non-vault monster count
 E = Vault monster count
 F = Vault count percentage of total count
                 A         B        C        D         E       F
            +---------+---------+-------+---------+---------+-------
      Total |   13939 |    4211 |  23.2 |     217 |      21 |   8.8
            +---------+---------+-------+---------+---------+-------
        D:1 |      30 |       0 |   0.0 |      19 |       0 |   0.0
        D:2 |      81 |      38 |  31.9 |      17 |       1 |   5.6
        D:3 |      52 |      14 |  21.2 |      18 |       6 |  25.0
        D:4 |     166 |       0 |   0.0 |      15 |       0 |   0.0
        D:5 |     465 |       0 |   0.0 |      21 |       0 |   0.0
        D:6 |     828 |       0 |   0.0 |      26 |       0 |   0.0
        D:7 |    1171 |     172 |  12.8 |      27 |       1 |   3.6
        D:8 |    1471 |     717 |  32.8 |      20 |       2 |   9.1
        D:9 |    3849 |     834 |  17.8 |      28 |       1 |   3.4
     Lair:1 |    2683 |     925 |  25.6 |      11 |       4 |  26.7
     Lair:2 |    3143 |       0 |   0.0 |      15 |       0 |   0.0
   Gauntlet |       0 |    1511 | 100.0 |       0 |       6 | 100.0
            +---------+---------+-------+---------+---------+-------
